 Dungeon Crawl Stone Soup version 0.31.0-10-gcf4a605ca0 (webtiles) character file.

Game seed: 4708656486453555127

1 Esekla the Grave Robber (level 1, 0/13 HPs)
             Began as a Barachi Necromancer on Jan 26, 2024.
             Slain by a quokka (3 damage)
             ... on level 3 of the Dungeon.
             The game lasted 00:04:20 (419 turns).

Esekla the Grave Robber (Barachi Necromancer)        Turns: 419, Time: 00:04:21

Health: 0/13       AC:  3    Str:  9    XL:     1   Next: 20%
Magic:  3/3        EV: 11    Int: 15    God:
Gold:   0          SH:  0    Dex: 12    Spells: 3/4 levels left

rFire   . . .        h - +0 club
rCold   . . .        (no shield)
rNeg    . . .        e - +0 leather armour
rPois   .            (no helmet)
rElec   .            (no cloak)
rCorr   .            (no gloves)
SInv    .            (no boots)
Will    .....        (no amulet)
Stlth   ++           (no ring)
HPRegen 0.22/turn    (no ring)
MPRegen 0.08/turn

%: no passive effects
@: unable to hop, slow
A: amphibious, slowness 1, strong legs 1, +LOS
a: Hop


You were on level 3 of the Dungeon.
You visited 1 branch of the dungeon, and saw 3 of its levels.

Inventory:

Hand Weapons
 h - a +0 club (weapon)
Missiles
 d - a poisoned dart (quivered)
Armour
 e - a +0 leather armour (worn)
Scrolls
 c - 2 scrolls of identify {unknown}
 f - a scroll of enchant armour {unknown}
 g - a scroll of immolation {unknown}
Potions
 a - a potion of curing {unknown}
 b - a potion of magic


   Skills:
 + Level 2.2 Dodging
 + Level 1.7 Stealth
 * Level 2.2 Spellcasting
 + Level 3.6 Necromancy


You had 3 spell levels left.
You knew the following spells:

 Your Spells              Type           Power      Damage    Failure   Level
a - Necrotise             Necr           48%        1d6       7%          1

Your spell library contained the following spells:

 Spells                   Type           Power      Damage    Failure   Level
 Vampiric Draining        Necr           12%        2d6       21%         3
 Animate Dead             Necr           12%        N/A       56%         4
 Curse of Agony           Necr           12%        N/A       88%         5


Dungeon Overview and Level Annotations

Branches:
Dungeon (3/15)

Altars:

Annotations:
D:2 1 runed translucent door, Crazy Yiuf


Innate Abilities, Weirdness & Mutations

You are amphibious.
You cover ground slowly.
You can hop short distances.
You have an extended range of vision and can be seen from far away.


Message History

* * * LOW HITPOINT WARNING * * *
The quokka misses you.
Hop to where?
Press: ? - help, Dir - move target Boing!
Throw: 5 darts (poison)
Press: ? - help, Q - select action, (/) - cycle Shift-Dir - straight line, f - quokka
Aim: a quokka (sparse dust, moderately wounded, 38% to hit)
You throw a poisoned dart.
The poisoned dart barely misses the quokka.
Throw: 4 darts (poison)
Press: ? - help, Q - select action, (/) - cycle Shift-Dir - straight line, f/p - quokka
Aim: a quokka (moderately wounded, 38% to hit)
You throw a poisoned dart. The poisoned dart misses the quokka.
Throw: 3 darts (poison)
Press: ? - help, Q - select action, (/) - cycle Shift-Dir - straight line, f/p - quokka
Aim: a quokka (moderately wounded, 38% to hit)
You throw a poisoned dart. The poisoned dart hits the quokka.
The quokka is poisoned.
The quokka is moderately wounded.
Throw: 2 darts (poison)
Press: ? - help, Q - select action, (/) - cycle Shift-Dir - straight line, f/p - quokka
Aim: a quokka (moderately wounded, poisoned, 38% to hit)
You throw a poisoned dart. The poisoned dart misses the quokka.
The quokka bites you but does no damage.
You closely miss the quokka.
The quokka is moderately wounded.
The quokka bites you.
* * * LOW HITPOINT WARNING * * *
You barely miss the quokka.
The quokka is moderately wounded.
The quokka misses you.
The quokka bites you but does no damage.
You barely miss the quokka.
The quokka is moderately wounded.
The quokka looks more healthy.
The quokka closely misses you.
You barely miss the quokka.
The quokka is moderately wounded.
The quokka bites you.
You die...

#.......########
####..........B.
#####...#####..
#...'.....#
#.###...#.# #.#
#...#.# #.#
#####.#
#.#######.#
#......##@#
#.......#r#
#.<.....#.#
#.......#(#
#.......#.#
#.......#.#
#.......#.#
#.......#.#
#.......#(#


You could see a quokka.

Vanquished Creatures
  A goblin (D:3)
1 creature vanquished.

Notes
Turn   | Place    | Note
-------+----------+-------------------------------------------
     0 | D:1      | Esekla the Barachi Necromancer began the quest for the Orb.
     0 | D:1      | Reached XP level 1. HP: 13/13 MP: 3/3
   207 | D:2      | Found a runed translucent door.
   208 | D:2      | Noticed Crazy Yiuf
   419 | D:3      | Slain by a quokka

Illustrated notes

Levels and vault maps discovered:
D:1:      lemuel_arrival_lava_pool, layout_basic, minmay_tromino_mix6
D:2:      layout_basic, nicolae_figureground_sparkle, uniq_sigmund,
          uniq_jessica, uniq_crazy_yiuf_cottage
D:3:      layout_basic, shapermc_ecumenical_altar_mp_highgroup

Action                     || total
---------------------------++-------
  Melee: Club              ||    13
         Unarmed           ||     5
  Throw: Dart              ||     4
Ability: Hop               ||     1
 Armour: Leather armour    ||    17
  Dodge: Dodged            ||     9
